 Dungeon Crawl Stone Soup version 0.27-a0-404-g4390dbc5be (webtiles) character file.

Game seed: 672892448647191386

26 CurlyBrace the Caller (level 2, -1/12 HPs)
             Began as a Felid Summoner on Feb 22, 2021.
             Slain by a bullfrog zombie (5 damage)
             ... on level 5 of the Dungeon.
             The game lasted 00:05:53 (716 turns).

CurlyBrace the Caller (Felid Summoner)               Turns: 716, Time: 00:05:53

Health: -1/12      AC:  1    Str: 10    XL:     2   Next: 89%
Magic:  6/6        EV: 18    Int: 16    God:
Gold:   46         SH:  0    Dex: 16    Spells: 4/5 levels left
                                        Lives:  0   Deaths: 0

rFire    . . .     SeeInvis +     - Unarmed
rCold    . . .     Faith    .   (shield unavailable)
rNeg     . . .     Spirit   .   (armour unavailable)
rPois    .         Reflect  .   (helmet unavailable)
rElec    .         Harm     .   (cloak unavailable)
rCorr    .         Rampage  .   (gloves unavailable)
Will     .....                  (boots unavailable)
Stlth    +++.......             (no amulet)
HPRegen  0.04/turn              e - +6 ring of strength
MPRegen  0.10/turn              (no ring)

@: mighty, quick
A: very small, no armour, no weapons or thrown items, stealth, claws 1, fangs 3,
see invisible, speed 1, shaggy fur 1, sharp paws
a: no special abilities


You were on level 5 of the Dungeon.
You visited 1 branch of the dungeon, and saw 7 of its levels.

You collected 46 gold pieces.

Inventory:

Jewellery
 e - a +6 ring of strength (left paw)
   (You found it on level 6 of the Dungeon)
Wands
 d - a wand of charming (1)
   (You found it on level 6 of the Dungeon)
Scrolls
 a - 4 scrolls of fear
 b - 4 scrolls of identify
 t - 2 scrolls of teleportation


   Skills:
 * Level 1.4 Fighting
 - Level 3.0 Dodging
 - Level 3.0 Stealth
 * Level 1.5 Unarmed Combat
 - Level 2.0 Spellcasting
 - Level 4.0 Summonings


You had 4 spell levels left.
You knew the following spells:

 Your Spells              Type           Power        Failure   Level
a - Summon Small Mammal   Summ           56%          4%          1

Your spell library contained the following spells:

 Spells                   Type           Power        Failure   Level
 Call Imp                 Summ           14%          6%          2
 Call Canine Familiar     Summ           14%          12%         3
 Foxfire                  Conj/Fire      4%           21%         1
 Summon Guardian Golem    Hex/Summ       8%           26%         3
 Conjure Flame            Conj/Fire      1%           52%         3
 Inner Flame              Hex/Fire       1%           52%         3
 Summon Ice Beast         Ice/Summ       8%           65%         4
 Summon Lightning Spire   Summ/Air       8%           65%         4
 Sticky Flame             Conj/Fire      1%           90%         4
 Fireball                 Conj/Fire      0%           99%         5


Dungeon Overview and Level Annotations

Branches:
Dungeon (7/15)
 Temple: D:4-7

Altars:
Okawaru

Shops:
D:7 (

Annotations:
D:4 exclusion: upstairs


Innate Abilities, Weirdness & Mutations

You cannot wear armour.
You are incapable of wielding weapons or throwing items.
Your paws allow you to move quietly. (Stealth)
You have sharp claws.
You have razor-sharp teeth.
You have supernaturally acute eyesight. (SInv)
You cover ground quickly.
You are covered in fur. (AC +1)
Your sharp claws are effective at attacking unaware monsters.


Message History

Unknown command.
Unknown command.
You scratch the quokka.
You kill the quokka!
Unknown command.
Unknown command.
Unknown command.
The quasit gives a chilling moan. x2; You hear a chilling moan.
Found 2 scrolls labelled XAITTE XISK, 21 gold pieces and 2 scrolls of fear.
You see here a scroll of identify.
You don't have any unidentified items.
Unknown command.
b - 4 scrolls of identify (gained 1) Unknown command.
Found a grey potion.
Your rat bites the ice beast but does no damage.
Found 6 gold pieces.
Unknown command.
A bullfrog zombie comes into view.
You see here 2 scrolls of fear.
a - 4 scrolls of fear (gained 2)
The bullfrog zombie hits you.
Unknown command.
You see here a grey potion.
It was a potion of might.
You feel very mighty all of a sudden. The bullfrog zombie misses you.
Unknown command.
The gnoll shouts!
You claw the bullfrog zombie!
The bullfrog zombie is moderately damaged.
You hear a shout!
The bullfrog zombie hits you but does no damage.
You hear a shout!
Unknown command.
Unknown command.
Unknown command.
The gnoll shouts!
The bullfrog zombie hits you.
You die...

#### #... ...g<
...#####... ##.g..
#..#...... #..gg.
#.#.##... #.....
####...##... #..g..
#.Y.Y#.##... #....
#.####.ZY.#
#...######.#######.##
#..@Z.##...........#
#.###.Y....#####...#
#.# ###...##..$##..#
#.# #...#.?∩.5#r.#
#.# #...##.$.##...
#.# #....#####..#.
#Y# #.......r..##.
#†# ##............
#.# ##.########.#


You could see an ice beast, a gnoll shaman (wandering), 4 gnolls and a bullfrog
zombie.

Vanquished Creatures
  3 orcs (D:5)
  A hobgoblin (D:3)
  A quokka (D:5)
5 creatures vanquished.

Vanquished Creatures (collateral kills)
  An adder (D:5)
  A white imp (D:5)
  4 orcs (D:6)
  A giant cockroach (D:5)
  5 jackals
12 creatures vanquished.

Grand Total: 17 creatures vanquished

Notes
Turn   | Place    | Note
-------+----------+-------------------------------------------
     0 | D:1      | CurlyBrace the Felid Summoner began the quest for the Orb.
     0 | D:1      | Reached XP level 1. HP: 7/7 MP: 4/4
    43 | D:2      | Found an iron altar of Okawaru.
   168 | D:4      | Noticed an ogre
   300 | D:5      | Entered Level 5 of the Dungeon
   300 | D:5      | Noticed a gnoll shaman
   325 | D:7      | Noticed an iguana
   325 | D:7      | Noticed a jelly
   335 | D:7      | Found Koubb's Antique Weapon Boutique.
   335 | D:7      | Noticed a bullfrog
   371 | D:6      | Reached XP level 2. HP: 4/12 MP: 0/6
   406 | D:5      | Reached skill level 1 in Unarmed Combat
   419 | D:5      | Reached skill level 1 in Fighting
   507 | D:5      | Noticed a water moccasin
   574 | D:5      | Noticed an ice beast
   716 | D:5      | Slain by a bullfrog zombie

Illustrated notes

Levels and vault maps discovered:
D:1:      dpeg_arrival_caged_fury, layout_basic, chequers_arboretum
D:2:      layout_loops_ring, nzn_wu_jian_contemplation, lightli_temple_of_fire,
          okawaru_ov_weapons_minmay
D:3:      layout_loops_ring, uniq_ijyb
D:4:      layout_loops_ring, gammafunk_temple_overflow_pools,
          minmay_temple_entry_from_below_b, kennysheep_crisscross
D:5:      cheibrodos_quashed, layout_rooms
D:6:      layout_rooms, chequers_garden, amcnicky_mini_rare_corridor_liquid,
          grunt_qazlal_sundering, uniq_edmund
D:7:      layout_cave_pods, serial_shops, shop

Skill      XL: |  1  2 |
---------------+-------+-----
Unarmed Combat | 1 |  1.5
Fighting       | 1 |  1.4
Stealth        | 3 |  3.0
Dodging        | 3 |  3.0
Spellcasting   | |  2.0
Summonings     | |  4.0

Action                   || total
-------------------------++-------
Melee: Unarmed           ||    15
       Bite              ||     1
 Cast: Summon Small Mamm ||    23
Evoke: Wand              ||     6
  Use: Scroll            ||     3
       Potion            ||     3
 Stab: Sleeping          ||     1
Armor: Skin              ||     1
Dodge: Dodged            ||    25

Table legend: (Time is in decaauts)
 A = Elapsed time spent in this place.
 B = Non-inter-level travel time spent in this place.
 C = Inter-level travel time spent in this place.
 D = Time resting spent in this place.
 E = Time spent auto-exploring this place.
 F = Levels seen in this place.
 G = Mean time per level.
                   A        B        C        D        E       F      G
               +--------+--------+--------+--------+--------+-----+--------+
         Total |    609 |    609 |      0 |      0 |      0 |   7 |   87.0 |
       Dungeon |    609 |    609 |      0 |      0 |      0 |   7 |   87.0 |
               +--------+--------+--------+--------+--------+-----+--------+

Top non-repeatable levels by time:
     D:5: 269 daAuts
     D:4: 134 daAuts
     D:3: 78 daAuts
     D:6: 73 daAuts
     D:2: 47 daAuts
     D:7: 4 daAuts
     D:1: 1 daAuts
